 Dungeon Crawl Stone Soup version 0.28-a0-706-gf6f64a616a (webtiles) character file.

Game seed: 11467075684284255054

3129 ytrimaz the Protected (level 10, -3/77 HPs)
             Began as a Formicid Fighter on Oct 24, 2021.
             Was a Priest of Okawaru.
             Slain by a two-headed ogre (22 damage)
             ... on level 10 of the Dungeon.
             The game lasted 00:11:04 (9325 turns).

ytrimaz the Protected (Formicid Fighter)            Turns: 9325, Time: 00:11:04

Health: -3/77      AC:  3    Str: 25    XL:     10   Next: 14%
Magic:  13/13      EV: 10    Int:  7    God:    Okawaru [***...]
Gold:   264        SH:  4    Dex: 10    Spells: 9/9 levels left

rFire   + . .      SeeInvis +   l - +1 short sword (venom)
rCold   . . .      Faith    .   c - +0 buckler
rNeg    . . .      Spirit   .   b - +1 scale mail
rPois   +          Reflect  .   (helmet unavailable)
rElec   .          Harm     .   (no cloak)
rCorr   .          Rampage  .   (no gloves)
Will    +....                   y - +1 pair of boots {Fly}
Stlth   ..........              (no amulet)
HPRegen 0.22/turn               f - ring of protection from fire
MPRegen 0.13/turn               h - ring of poison resistance

@: corroded, flying
A: permanent stasis, dig shafts and tunnels, antennae 3, four strong arms
a: Dig, Shaft Self, Renounce Religion, Heroism


You were on level 10 of the Dungeon.
You worshipped Okawaru.
Okawaru was most pleased with you.
You visited 2 branches of the dungeon, and saw 10 of its levels.

You collected 264 gold pieces.

Inventory:

Hand Weapons
 a - a +0 war axe
 i - a +0 vampiric morningstar
 l - a +1 short sword of venom (weapon)
 z - a +1 long sword of flaming
Armour
 b - a +1 scale mail (worn)
 c - a +0 buckler (worn)
 s - a +0 pair of boots
 y - a +1 pair of boots of flying (worn)
Jewellery
 f - a ring of protection from fire (left hand)
 h - a ring of poison resistance (right hand)
 x - a ring of positive energy
Wands
 e - a wand of flame (21)
 n - a wand of iceblast (7)
 o - a wand of mindburst (12)
Scrolls
 d - 5 scrolls of identify
 j - 5 scrolls of enchant weapon
 k - a scroll of immolation
 m - a scroll of magic mapping
 q - a scroll of amnesia
 t - a scroll of enchant armour
 w - a scroll of acquirement {unknown}
Potions
 g - a potion of flight
 r - a potion of mutation
 u - a potion of curing
 v - a potion of degeneration {unknown}


   Skills:
 + Level 6.6 Fighting
 * Level 8.0 Short Blades
 - Level 3.8(4.5) Axes
 - Level 3.7(4.5) Maces & Flails
 + Level 8.4 Armour
 - Level 3.6 Shields
 * Level 4.0 Invocations


You had 9 spell levels left.
You didn't know any spells.
Your spell library contained the following spells:

 Spells                   Type           Power      Damage    Failure   Level
 Sting                    Tmut/Pois      0%         1d3       69%         1
 Poisonous Vapours        Pois/Air       0%         N/A       83%         2
 Olgreb's Toxic Radiance  Pois           0%         N/A       100%        4


Dungeon Overview and Level Annotations

Branches:
Dungeon (8/15)             Temple (1/1) D:5
   Lair: D:8-11

Altars:
Ashenzari
Cheibriados
Dithmenos
Elyvilon
Gozag
Hepliaklqana
Kikubaaqudgha
Makhleb
Nemelex Xobeh
Okawaru
Qazlal
Sif Muna
Uskayaw
Wu Jian
Xom
Yredelemnul
Zin
The Shining One

Shops:
D:10 :

Annotations:
D:6 2 transporters, McGhostyFace's ghost, novice GnWn


Innate Abilities, Weirdness & Mutations

You cannot be hasted, slowed, berserked, paralysed or teleported.
You can dig through walls and to a lower floor.
You have a pair of large antennae on your head. (SInv)
Your four strong arms can wield two-handed weapons with a shield.


Message History

The acid dragon is lightly wounded.
The acid dragon bites you!
The acid dragon claws you but does no damage.
You feel much better. The acid dragon bites you!
The acid dragon barely misses you.
You hit the acid dragon but do no damage.
The acid dragon is lightly wounded.
The acid dragon spits acid at you. The splash of acid hits you!
The acid corrodes you!
You hit the acid dragon.
The acid dragon is moderately wounded.
You hit the acid dragon but do no damage.
The acid dragon is moderately wounded.
The acid dragon bites you but does no damage.
The acid dragon closely misses you.
You closely miss the acid dragon.
The acid dragon is moderately wounded.
The acid dragon bites you. The acid dragon closely misses you.
You hit the acid dragon but do no damage.
The acid dragon is moderately wounded.
The acid dragon bites you!
The acid dragon claws you but does no damage.
Okay, then.
Okay, then.
An acid dragon is nearby!
Unknown command.
Are you sure you want to shaft yourself?
The acid dragon closely misses you. You block the acid dragon's attack.
You begin to dig a shaft.
You continue digging a shaft.
The acid dragon spits acid at you. The splash of acid hits you!!
* * * LOW HITPOINT WARNING * * *
A shaft appears beneath you!
You are sucked into a shaft and drop 2 floors!
The shaft crumbles and collapses.
Found 12 gold pieces.
Found Woxuc's Book Shoppe.
Found a stone staircase leading down and a stone staircase leading up.
You feel much better.
The two-headed ogre hits you with a +0 giant club!!
You die...

..<...8..##
..........##
.$..∩......##
#.......#..#
#8...>.....
#.......#
#.....O.#
#....@..#
#########


You could see a two-headed ogre.

Vanquished Creatures
  A hornet (D:5)
  Prince Ribbit (D:6)
  A steam dragon (D:7)
  3 ice beasts (D:5)
  6 sky beasts
  2 black bears
  A necrophage (D:4)
  4 ogres
  2 centaurs
  A phantom (D:5)
  A kobold brigand (D:7)
  A bullfrog (D:6)
  2 scorpions (D:5)
  2 bullfrog zombies (D:5)
  A centaur zombie (D:7)
  3 jellies
  A gnoll shaman (D:4)
  2 bullfrog skeletons (D:3)
  3 hounds
  An iguana (D:5)
  Natasha (twice) (D:2)
  An orc wizard (D:5)
  2 killer bee zombies
  6 adders
  7 gnolls
  A white imp (D:6)
  An ufetubus (D:4)
  12 orcs
  6 ball pythons
  5 endoplasms
  5 giant cockroaches
  11 goblins
  5 hobgoblins
  6 jackals (D:1)
  9 kobolds
  3 quokkas
  6 bats
  A frilled lizard (D:1)
  2 rats
130 creatures vanquished.

Notes
Turn   | Place    | Note
-------+----------+-------------------------------------------
     0 | D:1      | ytrimaz the Formicid Fighter began the quest for the Orb.
     0 | D:1      | Reached XP level 1. HP: 18/18 MP: 1/1
    36 | D:1      | Reached XP level 2. HP: 16/24 MP: 2/2
   372 | D:1      | Reached XP level 3. HP: 27/29 MP: 3/3
  1257 | D:2      | Noticed Natasha
  1269 | D:2      | Killed Natasha
  1270 | D:2      | Reached XP level 4. HP: 9/37 MP: 4/4
  1738 | D:2      | Noticed Natasha
  1742 | D:2      | Killed Natasha
  1779 | D:3      | Reached XP level 5. HP: 39/42 MP: 5/5
  1882 | D:3      | Found a faded altar of an unknown god.
  2088 | D:3      | Found an opulent altar of Gozag.
  2089 | D:3      | Found a snail-covered altar of Cheibriados.
  2091 | D:3      | Found a shimmering altar of Xom.
  2091 | D:3      | Found a broken altar of Ashenzari.
  2091 | D:3      | Found a basalt altar of Yredelemnul.
  2307 | D:3      | You fall into a shaft and drop 1 floor!
  2314 | D:4      | Reached skill level 1 in Maces & Flails
  2319 | D:4      | HP: 2/42 [orc (6)]
  2758 | D:4      | Noticed an ogre
  3053 | D:3      | Reached XP level 6. HP: 28/48 MP: 6/6
  3265 | D:4      | Noticed a necrophage
  3277 | D:4      | Killed a necrophage
  3503 | D:4      | Killed an ogre
  3504 | D:4      | Reached skill level 5 in Armour
  3504 | D:4      | Reached XP level 7. HP: 27/55 MP: 7/7
  3830 | D:4      | Reached skill level 1 in Short Blades
  4163 | D:4      | Found an iron altar of Okawaru.
  4180 | D:4      | Became a worshipper of Warmaster Okawaru
  4472 | D:4      | Identified the +1 leather armour of Winter {Dex+2}
  4903 | D:5      | Entered Level 5 of the Dungeon
  4919 | D:5      | Reached skill level 5 in Fighting
  4919 | D:5      | Reached XP level 8. HP: 57/62 MP: 8/8
  5034 | D:5      | Found a staircase to the Ecumenical Temple.
  5034 | D:5      | Noticed a hornet
  5050 | D:5      | Killed a hornet
  5126 | D:5      | Reached * piety under Okawaru
  6067 | D:5      | Reached skill level 1 in Invocations
  6080 | D:5      | Reached XP level 9. HP: 56/69 MP: 9/9
  6089 | D:5      | Reached skill level 5 in Short Blades
  6352 | Temple   | Entered the Ecumenical Temple
  6721 | D:5      | Reached ** piety under Okawaru
  7496 | D:6      | Noticed Prince Ribbit
  7527 | D:6      | Killed Prince Ribbit
  7705 | D:6      | Found a transporter.
  7710 | D:6      | Noticed McGhostyFace's ghost (novice GnWn)
  7729 | D:6      | Found a transporter.
  7860 | D:6      | Reached *** piety under Okawaru
  8472 | D:6      | Found a glowing golden altar of the Shining One.
  8665 | D:7      | Reached XP level 10. HP: 68/77 MP: 12/12
  9322 | D:8      | HP: 3/77 [acid dragon/splash of acid (23)]
  9323 | D:8      | You are sucked into a shaft and drop 2 floors!
  9323 | D:10     | Entered Level 10 of the Dungeon
  9323 | D:10     | Noticed a two-headed ogre
  9323 | D:10     | Found Woxuc's Book Shoppe.
  9325 | D:10     | Slain by a two-headed ogre

Illustrated notes

Levels and vault maps discovered:
D:1:      dpeg_arrival_connections, layout_basic
D:2:      layout_rooms, minmay_misc_feat_nine_boxes,
          amcnicky_mini_corridor_feature, uniq_natasha
D:3:      layout_rooms, grunt_temple_overflow_open,
          shapermc_ecumenical_altar_starsandcircs
D:4:      layout_loops_corners, okawaru_ov_weapons_minmay, dk_noncrumbling_4,
          palyth_stone_intersect
D:5:      layout_basic, minmay_temple_entry_glass
D:6:      layout_loops_ring, tso_oasis_becter, gammafunk_ghost_arena,
          uniq_prince_ribbit1
D:7:      cheibrodos_quashed, layout_loops_ring
D:8:      layout_basic, lemuel_tele_altar, uniq_joseph
D:10:     layout_layer_cave, fedhas_ov_isle_minmay, mainiacjoe_overflow_swirl,
          serial_shops, nicolae_stop_n_shop_1, nicolae_stop_n_shop_1
Temple:   minmay_temple_curvy_loop

Skill      XL: |  1  2  3  4  5  6  7  8  9 10 |
---------------+-------------------------------+-----
Axes           | 3 |  3.8
Armour         | 4 5 7 8 |  8.4
Fighting       | 4 5 6 |  6.6
Maces & Flails | 2 3 |  3.7
Short Blades   | 2 4 7 8 |  8.0
Invocations    | 1 3 4 |  4.0
Shields        | |  3.6

Action                   |  1- 3 |  4- 6 |  7- 9 | 10-12 || total
-------------------------+-------+-------+-------+-------++-------
Melee: War axe           |    86 |    25 |       |       ||   111
       Morningstar       |       |   107 |       |       ||   107
       Short sword       |       |     4 |   303 |    44 ||   351
 Abil: Dig               |     1 |       |       |       ||     1
       Shaft Self        |       |     1 |       |     1 ||     2
Evoke: Wand              |       |       |     4 |       ||     4
  Use: Scroll            |     5 |     3 |     6 |     2 ||    16
       Potion            |     1 |     1 |     2 |     2 ||     6
Armor: Scale mail        |    73 |    79 |   136 |    16 ||   304
Dodge: Dodged            |    61 |    82 |   151 |    20 ||   314
Block: Buckler           |    31 |    47 |    47 |     6 ||   131

Table legend: (Time is in decaauts)
 A = Elapsed time spent in this place.
 B = Non-inter-level travel time spent in this place.
 C = Inter-level travel time spent in this place.
 D = Time resting spent in this place.
 E = Time spent auto-exploring this place.
 F = Levels seen in this place.
 G = Mean time per level.
                   A        B        C        D        E       F      G
               +--------+--------+--------+--------+--------+-----+--------+
         Total |   9357 |   8999 |    358 |   2718 |   4550 |  10 |  935.7 |
       Dungeon |   9146 |   8809 |    337 |   2718 |   4364 |   9 | 1016.2 |
        Temple |    211 |    190 |     21 |      0 |    186 |   1 |  211.0 |
               +--------+--------+--------+--------+--------+-----+--------+

Top non-repeatable levels by time:
     D:4: 2361 daAuts
     D:5: 1993 daAuts
     D:6: 1135 daAuts
     D:1: 1025 daAuts
     D:2: 1021 daAuts
     D:3: 789 daAuts
     D:7: 774 daAuts
  Temple: 211 daAuts
     D:8: 43 daAuts
    D:10: 1 daAuts
